 Dungeon Crawl Stone Soup version 0.21-a0-260-g9b2435e (webtiles) character file.

11332 tidbits the Martial Artist (level 11, 0/92 HPs)
             Began as a Demigod Transmuter on Sept 7, 2017.
             Slain by an orc warrior
             ... wielding a +0 battleaxe
              (24 damage)
             ... on level 11 of the Dungeon.
             The game lasted 01:19:13 (7146 turns).

tidbits the Martial Artist (Demigod Transmuter)     Turns: 7146, Time: 01:19:14

Health: 0/92       AC:  5    Str: 13    XL:     11   Next: 24%
Magic:  15/22      EV: 26    Int: 23    God:
Gold:   557        SH:  0    Dex: 21    Spells: 5/19 levels left

rFire    . . .     SeeInvis .     - Unarmed
rCold    . . .     Gourm    .   (shield currently unavailable)
rNeg     . . .     Faith    .   (armour currently unavailable)
rPois    x         Spirit   .   (helmet currently unavailable)
rElec    .         Reflect  .   (cloak currently unavailable)
rCorr    .         Harm     +   (gloves currently unavailable)
MR       +....                  (boots currently unavailable)
Stlth    ++........             m - amulet of harm
HPRegen  0.25/turn              U - +3 ring of protection
MPRegen  0.18/turn              W - ring of wizardry

@: spider-form
A: high mp 1
a: End Transformation


You were on level 11 of the Dungeon.
You were not hungry.
You were a venomous arachnid creature.
You visited 1 branch of the dungeon, and saw 11 of its levels.
You also visited: Ossuary.

You collected 557 gold pieces.

Inventory:

Hand Weapons
 a - the +10 mace "Alaxku" (melded) {venom, Stlth+}
   (You found it on level 9 of the Dungeon)

   It poisons the flesh of those it strikes.
   It makes you more stealthy.
 s - a +0 scythe
 Y - a +0 blowgun
Missiles
 u - 64 stones (quivered)
 I - 53 arrows
 J - 4 javelins
 Q - 2 tomahawks
Armour
 n - a +4 scale mail of magic resistance
   (You took it off Duvessa on level 4 of the Dungeon)
 B - a +0 robe (melded)
 E - a +2 helmet (melded)
 T - a +0 shield
 V - a scarf of cloud immunity (melded)
   (You found it on level 8 of the Dungeon)
Magical Staves
 K - an uncursed staff of earth
   (You found it on level 5 of the Dungeon)
Jewellery
 i - an uncursed ring of stealth
   (You found it on level 1 of the Dungeon)
 m - an amulet of harm (around neck)
   (You found it on level 2 of the Dungeon)
 w - a +3 ring of strength
   (You found it on level 4 of the Dungeon)
 L - an uncursed ring of flight
   (You found it on level 8 of the Dungeon)
 U - a +3 ring of protection (left front leg)
   (You found it on level 9 of the Dungeon)
 W - a ring of wizardry (right front leg)
   (You took it off an orc on level 8 of the Dungeon)
Wands
 e - a wand of flame (37/48)
 A - a wand of iceblast (2/15)
 H - a wand of flame (8/48)
 X - a wand of enslavement (5/24)
Scrolls
 k - 5 scrolls of teleportation
 r - a scroll of enchant armour
 t - 2 scrolls of amnesia
 v - a scroll of blinking
 S - a scroll of noise {unknown}
Potions
 g - 5 potions of might
 j - 2 potions of berserk rage
 p - a potion of brilliance {unknown}
 q - 2 potions of flight
 z - 4 potions of curing
 C - a potion of agility
 D - a potion of cancellation {unknown}
 F - a potion of mutation {unknown}
 G - 4 potions of lignification
 O - a potion of resistance {unknown}
 P - a potion of invisibility {unknown}
 R - a potion of degeneration {unknown}
 Z - a potion of haste {unknown}
Books
 c - a book of Changes

   Spells                             Type                      Level
   a - Beastly Appendage              Transmutation                1
   b - Sticks to Snakes               Transmutation                2
   c - Spider Form                    Transmutation/Poison         3
   d - Ice Form                       Ice/Transmutation            4
   e - Blade Hands                    Transmutation                5
 h - a book of Power
   (You found it on level 8 of the Dungeon)

   Spells                             Type                      Level
   a - Iskenderun's Battlesphere      Conjuration/Charms           5
   b - Venom Bolt                     Conjuration/Poison           5
   c - Bolt of Magma                  Conjuration/Fire/Earth       5
   d - Iron Shot                      Conjuration/Earth            6
   e - Orb of Destruction             Conjuration                  7
   f - Spellforged Servitor           Conjuration/Summoning        7
 x - a book of Misfortune
   (You found it on level 4 of the Dungeon)

   Spells                             Type                      Level
   a - Confusing Touch                Hexes                        1
   b - Confuse                        Hexes                        3
   c - Gell's Gravitas                Translocation                3
   d - Petrify                        Transmutation/Earth          4
   e - Metabolic Englaciation         Hexes/Ice                    5
   f - Yara's Violent Unravelling     Hexes/Transmutation          5
 y - a book of Enchantments
   (You found it on level 11 of the Dungeon)

   Spells                             Type                      Level
   a - Cause Fear                     Hexes                        4
   b - Yara's Violent Unravelling     Hexes/Transmutation          5
   c - Silence                        Hexes/Air                    5
   d - Deflect Missiles               Charms/Air                   6
   e - Discord                        Hexes                        8
 M - a book of Cantrips
   (You found it on level 9 of the Dungeon)

   Spells                             Type                      Level
   a - Confusing Touch                Hexes                        1
   b - Animate Skeleton               Necromancy                   1
   c - Summon Small Mammal            Summoning                    1
   d - Apportation                    Translocation                1
 N - a book of Geomancy
   (You found it on level 7 of the Dungeon)

   Spells                             Type                      Level
   a - Sandblast                      Earth                        1
   b - Passwall                       Transmutation/Earth          2
   c - Stone Arrow                    Conjuration/Earth            3
   d - Petrify                        Transmutation/Earth          4
   e - Lee's Rapid Deconstruction     Earth                        5
Comestibles
 b - 4 chunks of flesh
 d - 9 bread rations
 f - 4 meat rations
 o - 8 royal jellies


   Skills:
 + Level 7.5 Fighting
 - Level 6.5 Dodging
 - Level 1.0 Stealth
 + Level 10.5 Unarmed Combat
 - Level 4.8 Spellcasting
 - Level 2.4 Necromancy
 - Level 2.5 Translocations
 - Level 6.7 Transmutations


You had 5 spell levels left.
You knew the following spells:

 Your Spells              Type           Power        Failure   Level  Hunger
a - Apportation           Tloc           ###...       4%          1    None
h - Blade Hands           Tmut           #####.....   14%         5    #####..
k - Sticks to Snakes      Tmut           #####...     1%          2    None
n - Animate Skeleton      Necr           N/A          4%          1    None
p - Spider Form           Tmut/Pois      ###.......   8%          3    ##.....
w - Passwall              Tmut/Erth      ###.......   4%          2    None


Dungeon Overview and Level Annotations

Branches:
Dungeon (11/15)            Temple (0/1) D:7            Lair (0/6) D:9
    Orc (0/2) D:11

Annotations:
D:1 exclusion: downstairs
D:8 exclusion: 2 two-headed ogres, Maurice
D:11 1 transporter


Innate Abilities, Weirdness & Mutations

You have an increased reservoir of magic. (+10% MP)
((You have large cloven feet.))


Message History

Confirm with . or Enter, or press ? or * to list all spells.
You create 2 snakes!
You now have 53 arrows.
The orc warrior throws a stone.
The stone barely misses you. What are your orders? t - Shout!
Orders for allies: a - Attack new target. p - Attack previous target. r - Retreat! s - Stop attacking. g - Guard the area. f - Follow me.
Anything else - Cancel.
Gang up on whom?
Press: ? - help, Dir - move target cursor, f/p - orc warrior
Aim: an orc warrior, wielding a battleaxe and wearing a plate armour Attack!
The orc warrior throws a stone.
The stone barely misses your ball python.
The stone hits you!
* * * LOW HITPOINT WARNING * * *
Your adder barely misses the orc warrior.
Your adder bites the orc warrior but does no damage. x2
Your ball python bites the orc warrior but does no damage.
Your ball python grabs the orc warrior.
Your ball python constricts the orc warrior.
Found four items.
Found a transporter.
Casting: Sticks to Snakes
Confirm with . or Enter, or press ? or * to list all spells.
You turn into a venomous arachnid creature.
The +10 mace "Alaxku" {venom, Stlth+} melds into your body.
Your scarf of cloud immunity melds into your body.
Your +2 helmet melds into your body.
Your +0 robe melds into your body.
The +10 mace "Alaxku" {venom, Stlth+} stops dripping with poison.
You feel vulnerable to the effects of clouds.
Your ball python bites the orc warrior but does no damage.
Your adder bites the orc warrior but does no damage.
The orc warrior throws a stone.
The stone closely misses your ball python.
The stone hits your ball python!
Your ball python dies!
Your adder bites the orc warrior.
Your ball python bites the orc warrior but does no damage.
Your ball python constricts the orc warrior.
Your adder bites the orc warrior.
Your adder barely misses the orc warrior.
Your ball python barely misses the orc warrior.
Your ball python bites the orc warrior but does no damage.
Your ball python constricts the orc warrior.
The orc warrior throws a stone.
The stone hits your ball python!
Your ball python dies!
Your orc warrior skeleton barely misses the orc warrior.
Your adder bites the orc warrior but does no damage.
Your adder completely misses the orc warrior.
Your ball python bites the orc warrior but does no damage.
Your ball python grabs the orc warrior.
Your ball python constricts the orc warrior.
The orc warrior struggles to escape constriction.
Your adder bites the orc warrior.
The orc warrior is poisoned.
Your adder poisons the orc warrior!
Your adder bites the orc warrior.
Your ball python bites the orc warrior but does no damage.
Your ball python constricts the orc warrior.
Your adder bites the orc warrior but does no damage. x2
The orc warrior throws a stone.
The stone completely misses you.
Your orc warrior skeleton hits the orc warrior with a battleaxe.
Your ball python bites the orc warrior but does no damage.
Your ball python constricts the orc warrior.
Your adder bites the orc warrior but does no damage.
Your adder bites the orc warrior.
The orc warrior looks even sicker.
Your adder poisons the orc warrior!
The orc warrior struggles to escape constriction.
Your ball python bites the orc warrior but does no damage.
Your ball python constricts the orc warrior.
Your orc warrior skeleton barely misses the orc warrior.
Your adder bites the orc warrior but does no damage. x2
You see here a stone.
Your ball python bites the orc warrior.
Your ball python constricts the orc warrior.
The orc warrior barely misses your adder.
The orc warrior hits your orc warrior skeleton with a battleaxe!
The orc warrior misses your adder.
The orc warrior hits your ball python with a battleaxe.
Your adder bites the orc warrior.
The orc warrior looks even sicker.
Your adder poisons the orc warrior!
Your adder bites the orc warrior but does no damage.
Your ball python bites the orc warrior but does no damage.
Your ball python constricts the orc warrior.
Your adder bites the orc warrior but does no damage. x2
Your orc warrior skeleton hits the orc warrior but does no damage.
The orc warrior hits your adder with a battleaxe!
The orc warrior hits your orc warrior skeleton with a battleaxe.
The orc warrior hits your adder with a battleaxe!!
Your adder dies!
The orc warrior hits you with a battleaxe!
* * * LOW HITPOINT WARNING * * *
The orc warrior hits your ball python with a battleaxe!
Your ball python dies!
You see here a stone.
You hit the orc warrior but do no damage.
The orc warrior is severely wounded.
Your adder bites the orc warrior but does no damage.
You feel much better.
Your adder bites the orc warrior but does no damage.
The orc warrior hits you with a battleaxe!!
You die...

#...................#
#.......#######.....#
........#.....#.....#
#.......#.....#.....# ##+###
#.......#.....'..(..# $$$$$#
#.......#.....#...(.## #!=/##
#.......#####+#......########
#.............ZS..(.((#######©
.......:.......os.(...(.......
#............[................
'.............................
#..............<..............
#.................##########..
##................# .
.#....#######.....# .#....#
#.....# .#....# #.....#


You could see an orc warrior, a friendly adder and a friendly orc warrior
skeleton.

Vanquished Creatures
  A two-headed ogre (D:10)
  Pikel (D:8)
  2 trolls
  3 hippogriffs
  Sigmund (D:2)
  A wyvern (D:8)
  Eustachio (D:4)
  10 yaks (D:11)
  A hungry ghost (D:3)
  4 hogs (D:7)
  A human (D:7)
  A steam dragon (D:9)
  3 wargs
  Duvessa (D:4)
  3 slaves (D:8)
  A black bear (D:7)
  An ice beast (D:11)
  6 orc warriors
  2 sky beasts
  A phantom (D:6)
  2 ogres
  6 centaurs
  A big kobold (D:8)
  4 bullfrogs
  A wyvern zombie (D:7)
  Dowan (D:4)
  A water moccasin zombie (D:6)
  13 scorpions
  11 wights
  A howler monkey (D:7)
  3 centaur zombies
  3 crimson imps
  2 human zombies (Ossuary)
  2 jellies
  4 hounds
  19 orc priests
  A gnoll shaman (D:8)
  9 orc wizards
  3 iguanas
  4 worker ants
  A big kobold zombie (Ossuary)
  A hound zombie (D:8)
  3 hound skeletons
  3 mummies (Ossuary)
  15 gnolls
  3 scorpion zombies (Ossuary)
  7 adders
  A shadow imp (D:10)
  4 adder skeletons
  A worm (D:2)
  2 dart slugs
  A leopard gecko (D:4)
  42 orcs
  8 giant cockroaches
  3 gnoll zombies (Ossuary)
  9 goblins
  6 hobgoblins
  14 kobolds
  6 quokkas
  2 ball pythons
  5 bats
  4 frilled lizards
  3 goblin zombies (Ossuary)
  A hobgoblin zombie (Ossuary)
  3 kobold zombies (Ossuary)
  A leopard gecko skeleton (D:9)
  3 orc zombies (Ossuary)
  2 quokka zombies (D:6)
  6 rats
296 creatures vanquished.

Vanquished Creatures (collateral kills)
  A two-headed ogre (D:11)
  2 hippogriffs
  A yak (D:11)
  An orc warrior (D:9)
  An orc priest (D:3)
  A hound (D:8)
  3 adders
  4 orcs
  A kobold (D:8)
15 creatures vanquished.

Grand Total: 311 creatures vanquished

Notes
Turn   | Place    | Note
-------+----------+-------------------------------------------
     0 | D:1      | tidbits the Demigod Transmuter began the quest for the Orb.
     0 | D:1      | Reached XP level 1. HP: 15/15 MP: 5/5
   124 | D:1      | Reached skill level 2 in Spellcasting
   173 | D:1      | Reached skill level 2 in Transmutations
   254 | D:1      | Reached XP level 2. HP: 22/22 MP: 5/7
   258 | D:1      | Learned a level 2 spell: Sticks to Snakes
   407 | D:2      | Noticed Sigmund
   472 | D:1      | Reached skill level 3 in Unarmed Combat
   654 | D:3      | Reached XP level 3. HP: 20/27 MP: 3/8
   659 | D:3      | Learned a level 3 spell: Spider Form
   908 | D:4      | Noticed Dowan
   950 | D:4      | Noticed Duvessa
   956 | D:4      | Reached skill level 3 in Transmutations
   959 | D:4      | Reached XP level 4. HP: 17/34 MP: 4/9
  1081 | D:4      | Reached skill level 4 in Unarmed Combat
  1097 | D:4      | Killed Duvessa
  1097 | D:4      | Reached XP level 5. HP: 22/39 MP: 1/10
  1198 | D:4      | Reached skill level 1 in Fighting
  1277 | D:4      | Killed Dowan
  1277 | D:4      | Reached skill level 2 in Dodging
  1277 | D:4      | Reached skill level 5 in Unarmed Combat
  1326 | D:4      | Reached XP level 6. HP: 21/47 MP: 4/11
  1386 | D:4      | Noticed Eustachio
  1408 | D:4      | Killed Eustachio
  1408 | D:4      | Reached skill level 4 in Transmutations
  1464 | D:4      | Reached skill level 2 in Fighting
  1611 | D:3      | Found a faded altar of an unknown god.
  1743 | D:2      | Found a sacrificial altar of Ru.
  1765 | D:2      | Found a hazy altar of Hepliaklqana.
  1809 | D:2      | Found a radiant altar of Vehumet.
  2044 | D:2      | Killed Sigmund
  2044 | D:2      | Reached XP level 7. HP: 49/56 MP: 7/13
  2188 | D:3      | Reached skill level 3 in Dodging
  2188 | D:3      | Reached skill level 6 in Unarmed Combat
  2196 | D:3      | Noticed a hungry ghost
  2210 | D:3      | Killed a hungry ghost
  2210 | D:3      | Reached skill level 3 in Fighting
  2440 | D:5      | Entered Level 5 of the Dungeon
  2577 | D:5      | Found a shadowy altar of Dithmenos.
  2589 | D:5      | Gained mutation: You have large cloven feet. [mutagenic meat]
  2700 | D:5      | Noticed a hippogriff
  2710 | D:5      | Killed a hippogriff
  2710 | D:5      | Reached skill level 5 in Transmutations
  2710 | D:5      | Reached XP level 8. HP: 35/63 MP: 8/14
  2831 | D:6      | Found a sand-covered staircase.
  2851 | Ossuary  | Entered an ossuary
  2909 | Ossuary  | Reached skill level 4 in Dodging
  2909 | Ossuary  | Reached skill level 7 in Unarmed Combat
  3012 | Ossuary  | Reached skill level 4 in Fighting
  3490 | D:6      | Reached skill level 8 in Unarmed Combat
  3490 | D:6      | Reached XP level 9. HP: 72/72 MP: 11/15
  3503 | D:6      | Found an ornate altar of the Wu Jian Council.
  3674 | D:7      | Found a white marble altar of Elyvilon.
  3738 | D:7      | Found a sparkling altar of Nemelex Xobeh.
  3912 | D:7      | Reached skill level 5 in Dodging
  4024 | D:7      | Reached skill level 5 in Fighting
  4032 | D:7      | Reached skill level 6 in Transmutations
  4247 | D:7      | Found a staircase to the Ecumenical Temple.
  4306 | D:6      | Learned a level 5 spell: Blade Hands
  4315 | D:6      | Reached skill level 3 in Spellcasting
  4468 | D:7      | Learned a level 2 spell: Passwall
  4613 | D:8      | Noticed Maurice
  4627 | D:8      | Reached skill level 9 in Unarmed Combat
  4787 | D:8      | Found a shimmering altar of Xom.
  4896 | D:8      | Reached XP level 10. HP: 40/83 MP: 13/18
  4929 | D:8      | Noticed a two-headed ogre
  4988 | D:8      | HP: 8/83 [orc/dagger (6)]
  4995 | D:8      | HP: 7/83 [poisoned by a kobold]
  5155 | D:8      | Found a hazy altar of Hepliaklqana.
  5225 | D:8      | Reached skill level 6 in Fighting
  5265 | D:8      | Noticed a two-headed ogre
  5297 | D:8      | Noticed Pikel
  5312 | D:8      | Killed Pikel
  5312 | D:8      | Reached skill level 6 in Dodging
  5599 | D:9      | Learned a level 1 spell: Animate Skeleton
  5601 | D:9      | Learned a level 1 spell: Apportation
  5834 | D:9      | Reached skill level 1 in Stealth
  5886 | D:10     | Entered Level 10 of the Dungeon
  5942 | D:10     | Noticed a two-headed ogre
  5977 | D:10     | Killed a two-headed ogre
  5977 | D:10     | Reached skill level 4 in Spellcasting
  5977 | D:10     | Reached skill level 2 in Necromancy
  5977 | D:10     | Reached skill level 1 in Translocations
  5980 | D:10     | Reached skill level 2 in Translocations
  6169 | D:9      | Found a staircase to the Lair.
  6248 | D:9      | Got a dazzling mace
  6657 | D:11     | Reached XP level 11. HP: 57/91 MP: 13/22
  6660 | D:11     | Reached skill level 10 in Unarmed Combat
  6720 | D:11     | Reached skill level 7 in Fighting
  6746 | D:11     | Identified the +10 mace "Alaxku" {venom, Stlth+} (You found it on level 9 of the Dungeon)
  6788 | D:11     | Found a staircase to the Orcish Mines.
  7024 | D:11     | Noticed a two-headed ogre
  7031 | D:11     | Killed a two-headed ogre
  7137 | D:11     | Found a transporter.
  7144 | D:11     | HP: 9/92 [orc warrior/battleaxe (20)]
  7146 | D:11     | Slain by an orc warrior

Vault maps used:
D:1:      nagdon_arrival_double_spiral, amethyst_killhole
D:2:      nicolae_overflow_crystal_walls, lemuel_doored_altar,
          nicolae_ru_awakened_eye, uniq_sigmund
D:3:      cheibrodos_pilgrimage, chequers_ecumenical_altar_simple_redux,
          grunt_ministairs_3
D:4:      first_bread, uniq_duvessa, uniq_eustachio
D:5:      lemuel_round_altar, small_statue_intersection
D:6:      lemuel_crystal_altar, enter_ossuary_4
D:7:      elyvilon_altar_4, kennysheep_little_box, temple_hall, grunt_livestock,
          kennysheep_minor_cross
D:8:      tgw_xom, basic_altar, minmay_bent, uniq_pikel, uniq_maurice
D:9:      erik_lair_orcish_takeover, kb_lookout_dungeons_type
D:11:     gammafunk_the_bubble, david_orc_3
Ossuary:  ossuary_minmay_scorpions

Skill      XL: |  1  2  3  4  5  6  7  8  9 10 11 |
---------------+----------------------------------+-----
Spellcasting   | 2 3 4 |  4.8
Transmutations | 2 3 4 5 6 |  6.7
Unarmed Combat | 3 4 5 6 8 9 10 | 10.5
Fighting       | 1 2 3 4 5 6 7 |  7.5
Dodging        | 2 3 4 5 6 |  6.5
Stealth        | 1 |  1.0
Necromancy     | 2 |  2.4
Translocations | 2 |  2.5

Action                   |  1- 3 |  4- 6 |  7- 9 | 10-12 || total
-------------------------+-------+-------+-------+-------++-------
Melee: Unarmed           |    71 |   104 |   377 |   258 ||   810
       Kick              |     8 |       |     2 |    30 ||    40
       Headbutt          |     4 |       |       |       ||     4
       Scythe            |       |       |     6 |     4 ||    10
       Punch             |       |       |       |     2 ||     2
       Mace              |       |       |       |     4 ||     4
Throw: Stone             |       |     2 |     2 |       ||     4
 Cast: Beastly Appendage |    21 |     4 |       |       ||    25
       Sticks to Snakes  |     3 |     5 |    12 |    25 ||    45
       Spider Form       |     3 |    18 |    50 |    22 ||    93
       Passwall          |       |       |    15 |    25 ||    40
       Blade Hands       |       |       |     2 |    14 ||    16
       Animate Skeleton  |       |       |       |    13 ||    13
       Apportation       |       |       |       |     5 ||     5
 Abil: End Transformatio |       |     1 |     4 |     5 ||    10
Evoke: Wand              |       |       |     5 |     1 ||     6
  Use: Potion            |       |     4 |     2 |     3 ||     9
       Scroll            |       |     6 |     6 |     8 ||    20
 Stab: Sleeping          |     5 |     4 |     3 |     1 ||    13
       Distracted        |       |       |     3 |       ||     3
  Eat: Chunk             |     1 |     7 |    19 |    12 ||    39
       Fruit             |       |       |     3 |     3 ||     6
Armor: Robe              |    11 |     3 |     2 |    23 ||    39
       Skin              |       |     4 |     9 |     3 ||    16
       Leather armour    |       |     3 |       |       ||     3
Dodge: Dodged            |    45 |    87 |   269 |   185 ||   586

Table legend:
 A = Spawn XP
 B = Non-spawn XP
 C = Spawn XP percentage of total XP
 D = Spawn monster count
 E = Non-spawn monster count
 F = Spawn count percentage of total count
 G = Total turns spent on level
                    A         B        C        D         E        F      G
               +---------+---------+-------+---------+---------+-------+---------
         Total |       0 |   16189 |   0.0 |       0 |     308 |   0.0 |  7146
               +---------+---------+-------+---------+---------+-------+---------
           D:1 |       0 |      29 |   0.0 |       0 |      14 |   0.0 |   562
           D:2 |       0 |     233 |   0.0 |       0 |      16 |   0.0 |   526
           D:3 |       0 |     554 |   0.0 |       0 |      33 |   0.0 |   690
           D:4 |       0 |     639 |   0.0 |       0 |      22 |   0.0 |   662
           D:5 |       0 |     523 |   0.0 |       0 |      12 |   0.0 |   420
           D:6 |       0 |     605 |   0.0 |       0 |      12 |   0.0 |   561
           D:7 |       0 |    2109 |   0.0 |       0 |      33 |   0.0 |   841
           D:8 |       0 |    2709 |   0.0 |       0 |      55 |   0.0 |   891
           D:9 |       0 |    1392 |   0.0 |       0 |      26 |   0.0 |   661
          D:10 |       0 |    1848 |   0.0 |       0 |      12 |   0.0 |   327
          D:11 |       0 |    4465 |   0.0 |       0 |      38 |   0.0 |   587
       Ossuary |       0 |    1083 |   0.0 |       0 |      35 |   0.0 |   418
               +---------+---------+-------+---------+---------+-------+---------

Table legend:
 A = Turns spent in this place as a percentage of turns spent in the entire game.
 B = Non-inter-level travel turns spent in this place as a percentage of non-inter-level travel turns spent in the entire game.
 C = Inter-level travel turns spent in this place as a percentage of turns spent in this place.
 D = Turns resting spent in this place as a percentage of non-inter-level travel turns spent in this place.
 E = Turns spent auto-exploring this place as a percentage of non-inter-level travel turns spent in this place.
 F = Non-inter-level travel turns spent in this place divided by the number of levels of this place that you've seen.
                   A       B       C       D       E      F
               +-------+-------+-------+-------+-------+----------------------
         Total | 100.0 | 100.0 |   2.5 |   0.0 |   0.0 | 580.4
       Dungeon |  94.2 |  94.0 |   2.7 |   0.0 |   0.0 | 595.2
       Ossuary |   5.8 |   6.0 |   0.0 |   0.0 |   0.0 | 418.0
               +-------+-------+-------+-------+-------+----------------------

Table legend:
 A = Kills in this place as a percentage of kills in entire the game.
 B = Kills by you in this place as a percentage of kills by you in the entire game.
 C = Kills by friends in this place as a percentage of kills by friends in the entire game.
 D = Other kills in this place as a percentage of other kills in the entire game.
 E = Experience gained in this place as a percentage of experience gained in the entire game.
 F = Experience gained in this place divided by the number of levels of this place that you have seen.
                   A       B       C       D       E      F
               +-------+-------+-------+-------+-------+----------------------
         Total | 100.0 | 100.0 | 100.0 |   N/A | 100.0 | 1349.1
       Dungeon |  88.6 |  88.1 | 100.0 |   N/A |  93.3 | 1373.3
       Ossuary |  11.4 |  11.9 |   0.0 |   N/A |   6.7 | 1083.0
               +-------+-------+-------+-------+-------+----------------------

Vault maps used:
D:1:      nagdon_arrival_double_spiral, amethyst_killhole
D:2:      nicolae_overflow_crystal_walls, lemuel_doored_altar,
          nicolae_ru_awakened_eye, uniq_sigmund
D:3:      cheibrodos_pilgrimage, chequers_ecumenical_altar_simple_redux,
          grunt_ministairs_3
D:4:      first_bread, uniq_duvessa, uniq_eustachio
D:5:      lemuel_round_altar, small_statue_intersection
D:6:      lemuel_crystal_altar, enter_ossuary_4
D:7:      elyvilon_altar_4, kennysheep_little_box, temple_hall, grunt_livestock,
          kennysheep_minor_cross
D:8:      tgw_xom, basic_altar, minmay_bent, uniq_pikel, uniq_maurice
D:9:      erik_lair_orcish_takeover, kb_lookout_dungeons_type
D:11:     gammafunk_the_bubble, david_orc_3
Ossuary:  ossuary_minmay_scorpions
